 Dungeon Crawl Stone Soup version 0.31-a0-231-g51bb95cda3 (webtiles) character file.

Game seed: 6843676507400749035

37 qw the Shooter (level 3, -4/29 HPs)
             Began as a Minotaur Hexslinger on July 6, 2023.
             Killed by divine providence
             ... invoked by an orc priest
              (14 damage)
             ... on level 3 of the Dungeon.
             The game lasted 00:00:34 (1903 turns).

qw the Shooter (Minotaur Hexslinger)                Turns: 1903, Time: 00:00:35

Health: -4/29      AC:  6    Str: 12    XL:     3   Next: 23%
Magic:  3/3        EV: 11    Int: 10    God:
Gold:   200        SH:  0    Dex: 20    Spells: 3/4 levels left

rFire   + + .        Y - +1 sling (flame)
rCold   + . .        (no shield)
rNeg    . . .        f - +0 ring mail {rF+}
rPois   +            b - +1 hat
rElec   .            i - scarf {rC+ rF+}
rCorr   .            (no gloves)
SInv    .            (no boots)
Will    .....        (no amulet)
Stlth   +            e - ring of poison resistance
HPRegen 0.24/turn    c - +6 ring of dexterity
MPRegen 0.08/turn

%: no passive effects
@: no status effects
A: horns 2, retaliatory headbutt
a: no special abilities


You were on level 3 of the Dungeon.
You visited 1 branch of the dungeon, and saw 3 of its levels.

You collected 200 gold pieces.


Innate Abilities, Weirdness & Mutations

You have a pair of horns on your head.
You reflexively headbutt those who attack you in melee.


   Skills:
 - Level 2.0 Fighting
 + Level 3.8 Ranged Weapons
 - Level 2.1 Dodging
 - Level 1.0 Spellcasting
 - Level 2.0 Hexes


You had 3 spell levels left.
You knew the following spells:

 Your Spells              Type           Power      Damage    Failure   Level
a - Slow                  Hex            16%        N/A       34%         1

Your spell library contained the following spells:

 Spells                   Type           Power      Damage    Failure   Level
 Inner Flame              Hex/Fire       2%         N/A       83%         3
 Portal Projectile        Hex/Tloc       4%         N/A       83%         3
 Cause Fear               Hex            2%         N/A       98%         4

Inventory:

Hand Weapons
 Y - a +1 sling of flaming (weapon)
Armour
 b - a +1 hat (worn)
 f - a +0 ring mail of fire resistance (worn)
 i - a scarf of resistance (worn)
Jewellery
 c - a +6 ring of dexterity (right hand)
 e - a ring of poison resistance (left hand)
Scrolls
 h - 2 scrolls of identify
Potions
 a - 2 potions of curing
 d - a potion of mutation {unknown}
 j - a potion of resistance {unknown}

Dungeon Overview and Level Annotations

Branches:
Dungeon (3/15)

Altars:


Message History

The sling bullet burns the kobold.
You kill the kobold!
Found an escape hatch in the ceiling.
You now have 200 gold pieces (gained 15).
As you open the door, it creaks loudly!
There is an open door here.
You hear the slow rusting of a very distant drain.
h - 2 scrolls of identify (gained 1)
An orc priest and an orc come into view.
The orc priest shouts!
The orc shouts!
You hear a shout!
You shoot a sling bullet. The sling bullet barely misses the orc.
The sling bullet hits the orc priest!
The sling bullet burns the orc priest.
The orc priest is severely wounded.
You hear the slow rusting of a very distant drain.
You shoot a sling bullet. The sling bullet hits the orc!
The sling bullet burns the orc.
You kill the orc!
You shoot a sling bullet. The sling bullet hits the orc priest.
The sling bullet burns the orc priest.
The orc priest is almost dead.
An orc comes into view. It is wielding a +0 flail.
The orc priest mumbles some strange prayers to Beogh against you.
Beogh smites you!
The orc shouts!
1893 ||| FLEEEEING.
1894 ||| FLEEEEING.
1895 ||| FLEEEEING.
1896 ||| FLEEEEING.
1897 ||| FLEEEEING.
1898 ||| FLEEEEING.
1899 ||| FLEEEEING.
The orc priest invokes the aid of Beogh against you.
Beogh smites you!
1900 ||| FLEEEEING.
1901 ||| FLEEEEING.
1902 ||| FLEEEEING.
1903 ||| FLEEEEING.
The orc priest calls down the wrath of Beogh upon you.
Beogh smites you!
You die... ################################# .)...o...o......@................ #################################

You could see an orc priest.

Vanquished Creatures
  A dart slug (D:1)
  An orc (D:3)
  2 ball pythons (D:1)
  4 endoplasms (D:1)
  4 goblins
  4 hobgoblins
  3 kobolds
  A quokka (D:1)
  4 bats
  4 frilled lizards
  4 rats
32 creatures vanquished.

Notes
Turn   | Place    | Note
-------+----------+-------------------------------------------
     0 | D:1      | qw the Minotaur Hexslinger began the quest for the Orb.
     0 | D:1      | Reached XP level 1. HP: 16/16 MP: 1/1
     0 | D:1      | 0 ||| qw: Version: 0.3-a-46-gb1f654a
     0 | D:1      | 0 ||| qw: Game counter: 1869
     0 | D:1      | 0 ||| qw: Melee chars always use a shield: true
     0 | D:1      | 0 ||| qw: God list: Okawaru
     0 | D:1      | 0 ||| qw: Allow faded altars: false
     0 | D:1      | 0 ||| qw: Do Orc after clearing Dungeon:15 true
     0 | D:1      | 0 ||| qw: Do second Lair branch before Depths: true
     0 | D:1      | 0 ||| qw: Lair rune preference: random
     0 | D:1      | 0 ||| qw: Goals: Normal
     0 | D:1      | 0 ||| PLANNING D:1-11
   136 | D:1      | Reached skill level 3 in Ranged Weapons
   136 | D:1      | Reached XP level 2. HP: 23/23 MP: 2/2
   817 | D:1      | 817 ||| UPGRADING to +0 ring mail of fire resistance.
   827 | D:1      | 827 ||| DROPPING +0 robe.
   828 | D:1      | 828 ||| UPGRADING to scarf of resistance.
   833 | D:1      | 833 ||| UPGRADING to ring of poison resistance.
   834 | D:1      | 834 ||| READING scroll labelled INISTR KECOI.
   835 | D:1      | 835 ||| READING scroll labelled OSTRUH JEYR.
   836 | D:1      | 836 ||| READING scroll labelled KEEZEU KADIDOI.
   837 | D:1      | 837 ||| DROPPING scroll of poison.
   937 | D:2      | Identified the +5 spear of the Well-Known Souls {speed, rF+
                  | Str+3}
  1034 | D:2      | Reached XP level 3. HP: 28/29 MP: 3/3
  1700 | D:2      | 1700 ||| UPGRADING to +1 hat.
  1705 | D:2      | 1705 ||| UPGRADING to +6 ring of dexterity.
  1706 | D:2      | 1706 ||| READING scroll labelled MISMYRPHUSE.
  1758 | D:2      | 1758 ||| READING scroll labelled YNU ELYIMACU.
  1759 | D:2      | 1759 ||| DRINKING 3 black potions.
  1792 | D:3      | 1792 ||| PLANNING SEWER
  1893 | D:3      | 1893 ||| FLEEEEING.
  1894 | D:3      | 1894 ||| FLEEEEING.
  1895 | D:3      | 1895 ||| FLEEEEING.
  1896 | D:3      | 1896 ||| FLEEEEING.
  1897 | D:3      | 1897 ||| FLEEEEING.
  1898 | D:3      | 1898 ||| FLEEEEING.
  1899 | D:3      | 1899 ||| FLEEEEING.
  1900 | D:3      | 1900 ||| FLEEEEING.
  1901 | D:3      | 1901 ||| FLEEEEING.
  1902 | D:3      | 1902 ||| FLEEEEING.
  1903 | D:3      | 1903 ||| FLEEEEING.
  1903 | D:3      | Killed from afar by an orc priest

Levels and vault maps discovered:
D:1:      dpeg_arrival_boxes_within_box, layout_loops_cross, serial_forest,
          infiniplex_forest_straight_4, infiniplex_forest_clump_tiny,
          infiniplex_forest_end_2, infiniplex_forest_clump_medium,
          infiniplex_forest_clump_curved, minmay_misc_feat_roman
D:2:      layout_loops_ring, nicolae_eternal_life
D:3:      layout_basic, gammafunk_ghost_cemetery, gup_sewer_entry_pipe

Skill      XL: |  1  2 |
---------------+-------+-----
Ranged Weapons | 3 |  3.8
Fighting       | 2 |  2.0
Dodging        | |  2.1
Spellcasting   | |  1.0
Hexes          | |  2.0

Action                     || total
---------------------------++-------
   Fire: Sling             ||    96
    Use: Scroll            ||     5
         Potion            ||     1
 Armour: Robe              ||     4
         Ring mail         ||    11
  Dodge: Dodged            ||    31

Table legend:
 A = Non-vault XP
 B = Vault XP
 C = Vault XP percentage of total XP
 D = Non-vault monster count
 E = Vault monster count
 F = Vault count percentage of total count
                 A         B        C        D         E       F
            +---------+---------+-------+---------+---------+-------
      Total |      54 |       0 |   0.0 |      32 |       0 |   0.0
            +---------+---------+-------+---------+---------+-------
        D:1 |      40 |       0 |   0.0 |      24 |       0 |   0.0
        D:2 |      10 |       0 |   0.0 |       6 |       0 |   0.0
        D:3 |       4 |       0 |   0.0 |       2 |       0 |   0.0
            +---------+---------+-------+---------+---------+-------
